 Dungeon Crawl Stone Soup version 0.20-a0-1089-g3fde505 (webtiles) character file.

23147 theAP the Bludgeoner (level 13, -1/88 HPs)
             Began as a Gargoyle Fighter on May 3, 2017.
             Was the Champion of Okawaru.
             Killed from afar by a tengu reaver (15 damage)
             ... with a bolt of lightning
             ... on level 12 of the Dungeon.
             The game lasted 00:22:45 (12217 turns).

theAP the Bludgeoner (Gargoyle Fighter)            Turns: 12217, Time: 00:22:46

Health: -1/88      AC: 14    Str: 31    XL:     13   Next: 4%
Magic:  20/20      EV:  8    Int:  8    God:    Okawaru [******]
Gold:   660        SH: 11    Dex: 12    Spells: 12/12 levels left

rFire    + . .     SeeInvis .   r - +1 whip (elec)
rCold    x . .     Gourm    .   c - +1 shield
rNeg     + . .     Faith    .   G - +0 leather armour of Omission {Slay+4}
rPois    ∞         Spirit   .   C - +0 hat of Miracles {rPois MP+9 Slay+4}
rElec    +         Reflect  .   (no cloak)
rCorr    .         Harm     .   o - +0 pair of gloves {Dex+3}
MR       .....                  (no boots)
Stlth    ++........             (no amulet)
Regen    0.3/turn               v - ring of stealth
MPRegen  0.2/turn               m - ring of fire

@: mighty, about to teleport
A: horns 1, blurry vision 1, low mp 1, negative energy resistance 1, electricity
resistance, unbreathing, petrification resistance, rot immunity, AC +9
a: Heroism, Finesse, Renounce Religion


You were on level 12 of the Dungeon.
You worshipped Okawaru.
Okawaru was exalted by your worship.
You were not hungry.

You visited 1 branch of the dungeon, and saw 12 of its levels.

You collected 660 gold pieces.

Inventory:

Hand Weapons
 a - a +0 flail
 r - a +1 whip of electrocution (weapon)
 s - a +1 flail of protection
Armour
 c - a +1 shield (worn)
 o - a +0 pair of gloves of dexterity (worn)
 C - the +0 hat of Miracles (worn) {rPois MP+9 Slay+4}
   (Okawaru gifted it to you on level 8 of the Dungeon)

   It affects your accuracy and damage with ranged weapons and melee attacks
   (+4).
   It protects you from poison.
   It affects your magic capacity (+9).
 G - the +0 leather armour of Omission (worn) {Slay+4}
   (You found it on level 9 of the Dungeon)

   It affects your accuracy and damage with ranged weapons and melee attacks
   (+4).
 H - the +4 ring mail of Precision Catastrophes {rC+++ Str-5 Slay-3 Stlth+}
   (You found it on level 11 of the Dungeon)

   It affects your strength (-5).
   It affects your accuracy and damage with ranged weapons and melee attacks
   (-3).
   It renders you almost immune to cold.
   It makes you more stealthy.
 M - a +2 buckler
Jewellery
 k - an uncursed ring of teleportation
 m - a ring of fire (right hand)
 v - a ring of stealth (left hand)
Wands
 t - a wand of lightning (9/15)
 y - a wand of acid (8/15)
 z - a wand of random effects (22/48)
 J - a wand of iceblast (6/15)
 K - a wand of scattershot (0/9)
Scrolls
 e - 4 scrolls of teleportation
 j - 6 scrolls of remove curse
 n - a scroll of amnesia
 q - 2 scrolls of fear
 B - a scroll of recharging
 I - 3 scrolls of identify
Potions
 b - 4 potions of curing
 d - 2 potions of might
 g - 2 potions of lignification
 l - a potion of flight
 p - a potion of magic
 w - a potion of cancellation
 D - a potion of resistance
 L - a potion of agility {unknown}
Books
 x - a book of Frost

   Spells                             Type                      Level
   a - Freeze                         Ice                          1
   b - Throw Frost                    Conjuration/Ice              2
   c - Ozocubu's Armour               Charms/Ice                   3
   d - Throw Icicle                   Conjuration/Ice              4
   e - Summon Ice Beast               Ice/Summoning                4
 F - a book of Air

   Spells                             Type                      Level
   a - Shock                          Conjuration/Air              1
   b - Swiftness                      Charms/Air                   2
   c - Static Discharge               Conjuration/Air              3
   d - Airstrike                      Air                          4
   e - Lightning Bolt                 Conjuration/Air              5
Comestibles
 f - 7 bread rations
 h - 10 royal jellies
 i - 6 meat rations
 u - 12 fruits


   Skills:
 + Level 13.5 Fighting
 + Level 15.3 Maces & Flails
 + Level 9.0 Armour
 - Level 3.2 Shields


You had 12 spell levels left.
You didn't know any spells.

Dungeon Overview and Level Annotations

Branches:
Dungeon (12/15)            Temple (0/1) D:5            Lair (0/6) D:10
    Orc (0/2) D:11

Altars:
Ashenzari
Dithmenos
Elyvilon
Hepliaklqana
Makhleb
Okawaru
Qazlal
Sif Muna
Uskayaw
Vehumet
Xom
Yredelemnul
Zin

Shops:
D:8 *


Innate Abilities, Weirdness & Mutations

You are resistant to torment.
Your stone body is resilient. (AC +9)
You are immune to poison.
You resist negative energy. (rN+)
You are resistant to electric shocks. (rElec)
You can survive without breathing.
You are immune to petrification.
You are immune to rotting.
You have a pair of small horns on your head.
Scrolls take you a little longer to read.
Your magical capacity is low. (-10% MP)


Message History

You block the tengu reaver's attack. The tengu reaver barely misses you.
Things that are here:
a killer bee corpse x2
You block the killer bee's attack.
Really read with blurry vision while enemies are nearby? [Y]es or [N]o only, please.
Really read with blurry vision while enemies are nearby?
The killer bee stings you but does no damage.
You begin reading the scroll.
You continue reading the scroll.
The killer bee closely misses you. You block the killer bee's attack.
As you read the scroll of teleportation, it crumbles to dust.
You feel strangely unstable.
The killer bee stings you but does no damage.
You block the killer bee's attack.
The killer bee stings you but does no damage.
The tengu reaver points at you and mumbles some strange words.
The bolt of lightning hits the killer bee.
The killer bee dies!
The bolt of lightning hits you! You resist.
You die...

..†..P≈.#.#.#.#.#.#.#.#.#.#.#.#
#'''###+##.#.#.#.#.#.#.#.#.#..#
.....#()#.#.#.#.#.#.#.#.#.#.#.###
....()..###########.#..>......#..
######### ##.##..######### .#
#............... ##
#####.....########## .#
##.............## .#
##...@.#####.....## .# #...†..†#
#)......# .###. #####.....##
##.....## ..... ##...#.F..##
##...## ##### ##....Q##### #####
# #.....*.# #####.....##
##....#...## ##.....#####


You could see a tengu reaver, a bullfrog and a battlesphere.

Vanquished Creatures
  Gastronok (D:8)
  Azrael (D:12)
  3 hydras (D:12)
  3 two-headed ogres
  A deep elf knight (D:12)
  An unseen horror (D:10)
  Pikel (D:7)
  Joseph (D:8)
  Psyche (D:8)
  A centaur skeleton (D:12)
  A queen bee (D:12)
  2 trolls
  3 meliai (D:12)
  A hornet (D:8)
  10 slime creatures (D:12)
  2 dream sheep (D:12)
  5 hippogriffs
  A water elemental (D:11)
  3 shadows
  5 yaks
  A fire elemental (D:12)
  A hungry ghost (D:7)
  Grum (D:8)
  Menkaure (D:6)
  An acid dragon (D:9)
  7 hell hounds
  4 orc warriors
  3 sky beasts
  2 black bears
  3 phantoms
  3 ogres
  4 wolves (D:8)
  15 centaurs
  The ghost of Duffy the Firebug, an amateur DsFE (D:4)
  6 big kobolds
  Blork the orc (D:5)
  8 bullfrogs
  A gnoll sergeant (D:6)
  A wyvern skeleton (D:7)
  21 killer bees
  3 electric eels (D:11)
  5 wights
  A howler monkey (D:6)
  2 jellies
  3 crimson imps
  2 bullfrog skeletons
  7 orc priests
  12 hounds
  3 iguanas
  10 orc wizards
  8 worker ants
  A killer bee zombie (D:8)
  2 hound zombies
  3 worker ant zombies
  8 adders
  12 gnolls
  2 shadow imps (D:9)
  An adder skeleton (D:4)
  4 worms
  3 dart slugs
  6 leopard geckos
  41 orcs
  3 ball pythons
  9 bats
  2 giant cockroaches
  7 goblins
  4 hobgoblins
  17 jackals
  26 kobolds
  2 quokkas
  6 frilled lizards
  11 rats
358 creatures vanquished.

Vanquished Creatures (others)
  A killer bee (D:12)
  2 orcs
3 creatures vanquished.

Grand Total: 361 creatures vanquished

Notes
Turn   | Place    | Note
-------+----------+-------------------------------------------
     0 | D:1      | theAP the Gargoyle Fighter began the quest for the Orb.
     0 | D:1      | Reached XP level 1. HP: 14/14 MP: 1/1
   231 | D:1      | Reached XP level 2. HP: 19/19 MP: 2/2
   466 | D:1      | Reached skill level 3 in Maces & Flails
   515 | D:1      | Reached XP level 3. HP: 23/23 MP: 3/3
  1319 | D:2      | Reached XP level 4. HP: 27/29 MP: 4/4
  1888 | D:3      | Reached skill level 4 in Maces & Flails
  2178 | D:3      | Found an iron altar of Okawaru.
  2183 | D:3      | Became a worshipper of Warmaster Okawaru
  2191 | D:3      | Found a shadowy altar of Dithmenos.
  2198 | D:3      | Found a burning altar of Makhleb.
  2205 | D:3      | Found a deep blue altar of Sif Muna.
  2212 | D:3      | Found a glowing silver altar of Zin.
  2217 | D:3      | Found a stormy altar of Qazlal.
  2228 | D:3      | Found a shattered altar of Ashenzari.
  2264 | D:3      | Reached XP level 5. HP: 33/34 MP: 5/5
  2738 | D:3      | Found a basalt altar of Yredelemnul.
  2820 | D:3      | Reached skill level 5 in Maces & Flails
  3004 | D:3      | Found a white marble altar of Elyvilon.
  3216 | D:4      | Reached XP level 6. HP: 40/40 MP: 6/6
  3421 | D:4      | Reached skill level 5 in Fighting
  3436 | D:4      | Noticed Duffy's ghost (amateur DsFE)
  3456 | D:4      | Killed Duffy's ghost
  4083 | D:5      | Entered Level 5 of the Dungeon
  4092 | D:5      | Found a staircase to the Ecumenical Temple.
  4102 | D:5      | Noticed Blork the orc
  4117 | D:5      | Killed Blork the orc
  4117 | D:5      | Reached * piety under Okawaru
  4117 | D:5      | Reached skill level 6 in Maces & Flails
  4117 | D:5      | Reached XP level 7. HP: 27/44 MP: 7/7
  4425 | D:5      | Reached skill level 7 in Maces & Flails
  4785 | D:6      | Gained mutation: You occasionally shout uncontrollably at your foes. [mutagenic meat]
  4812 | D:6      | Reached XP level 8. HP: 51/52 MP: 8/8
  4840 | D:6      | Reached ** piety under Okawaru
  5260 | D:6      | Noticed Menkaure
  5266 | D:6      | Killed Menkaure
  5266 | D:6      | Reached skill level 8 in Maces & Flails
  5285 | D:6      | Found a radiant altar of Vehumet.
  5750 | D:7      | Reached *** piety under Okawaru
  5755 | D:7      | Lost mutation: You occasionally shout uncontrollably at your foes. [potion of mutation]
  5755 | D:7      | Gained mutation: Your magical capacity is low. (-10% MP) [potion of mutation]
  5755 | D:7      | Gained mutation: Scrolls take you a little longer to read. [potion of mutation]
  5755 | D:7      | Gained mutation: You have a pair of small horns on your head. [potion of mutation]
  5817 | D:7      | Reached skill level 9 in Maces & Flails
  5842 | D:7      | Noticed Pikel
  5852 | D:7      | Reached XP level 9. HP: 46/58 MP: 8/8
  5861 | D:7      | Killed Pikel
  5861 | D:7      | Reached skill level 10 in Maces & Flails
  6404 | D:8      | Noticed Gastronok
  6415 | D:8      | Killed Gastronok
  6415 | D:8      | Reached **** piety under Okawaru
  6415 | D:8      | Reached ***** piety under Okawaru
  6415 | D:8      | Reached skill level 11 in Maces & Flails
  6415 | D:8      | Reached XP level 10. HP: 39/68 MP: 9/9
  6733 | D:8      | Reached skill level 12 in Maces & Flails
  6778 | D:8      | Reached skill level 10 in Fighting
  6785 | D:8      | Noticed Joseph
  6808 | D:8      | Killed Joseph
  6944 | D:8      | Noticed a hand axe
  6944 | D:8      | Noticed a hand axe
  6946 | D:8      | Found a hide-covered altar of Uskayaw.
  6960 | D:8      | Received a gift from Okawaru
  6963 | D:8      | Got a distressingly furry hat {god gift}
  6974 | D:8      | Identified the +0 hat of Miracles {rPois MP+9 Slay+4} (Okawaru gifted it to you on level 8 of the Dungeon)
  7022 | D:8      | Found a hazy altar of Hepliaklqana.
  7023 | D:8      | Found a shimmering altar of Xom.
  7024 | D:8      | Noticed a spectral ugly thing
  7065 | D:8      | Noticed a two-headed ogre
  7070 | D:8      | Killed a two-headed ogre
  7070 | D:8      | Reached skill level 13 in Maces & Flails
  7070 | D:8      | Reached XP level 11. HP: 66/73 MP: 9/9
  7084 | D:8      | Noticed Psyche
  7086 | D:8      | Noticed Grum
  7090 | D:8      | Killed Psyche
  7140 | D:8      | Killed Grum
  7260 | D:8      | Found Turopn's General Store.
  7453 | D:9      | Got a scorched leather armour
  7466 | D:9      | Identified the +0 leather armour of Omission {Slay+4} (You found it on level 9 of the Dungeon)
  7818 | D:9      | Found a radiant altar of Vehumet.
  8091 | D:9      | You fall through a shaft!
  8091 | D:10     | Entered Level 10 of the Dungeon
  8593 | D:10     | Killed an unseen horror
  8793 | D:10     | Found a staircase to the Lair.
  8818 | D:10     | Reached ****** piety under Okawaru
  9009 | D:10     | Reached skill level 14 in Maces & Flails
  9068 | D:10     | Noticed a two-headed ogre
  9077 | D:10     | Killed a two-headed ogre
  9077 | D:10     | Reached skill level 5 in Armour
  9423 | D:11     | Received a gift from Okawaru
  9647 | D:11     | Got a scorched ring mail
  9658 | D:11     | Identified the +4 ring mail of Precision Catastrophes {rC+++ Str-5 Slay-3 Stlth+} (You found it on level 11 of the Dungeon)
  9673 | D:11     | Found a shattered altar of Ashenzari.
 10174 | D:11     | Reached XP level 12. HP: 41/81 MP: 10/10
 10458 | D:11     | Found a staircase to the Orcish Mines.
 11298 | D:12     | Noticed a two-headed ogre
 11304 | D:12     | Killed a two-headed ogre
 11479 | D:12     | Noticed a seven-headed hydra
 11485 | D:12     | Killed a seven-headed hydra
 11749 | D:12     | Noticed Azrael
 11761 | D:12     | Killed Azrael
 12061 | D:12     | Noticed a three-headed hydra
 12067 | D:12     | Killed a three-headed hydra
 12067 | D:12     | Received a gift from Okawaru
 12067 | D:12     | Reached skill level 15 in Maces & Flails
 12160 | D:12     | Noticed a five-headed hydra
 12175 | D:12     | Noticed a deep elf knight
 12175 | D:12     | Killed a five-headed hydra
 12182 | D:12     | Noticed a tengu reaver
 12187 | D:12     | Killed a deep elf knight
 12187 | D:12     | Reached XP level 13. HP: 41/88 MP: 11/11
 12217 | D:12     | Killed from afar by a tengu reaver

Vault maps used:
D:1:      ncdulo_smallfort
D:2:      first_bread, serial_glass, glass_columns_a, glass_columns_b
D:3:      kennysheep_ying_yang, grunt_temple_overflow_octagram
D:4:      kennysheep_doodads
D:5:      minmay_temple_entry_hall, uniq_blork_the_orc
D:6:      basic_altar, enter_ossuary_5, uniq_menkaure
D:7:      uniq_pikel
D:8:      regret_index_temple_of_mockery, dancing_weapons_uskayaw, serial_shops,
          kennysheep_mini, minmay_fountain_box, uniq_grum, uniq_gastronok,
          uniq_psyche, uniq_joseph
D:9:      nicolae_overflow_crystal_walls
D:10:     minmay_lair_entry_lava
D:11:     erik_orc_2, basic_altar
D:12:     regret_index_combs_of_tragedy, hangedman_ranch, uniq_azrael

Skill      XL: |  1  2  3  4  5  6  7  8  9 10 11 12 13 |
---------------+----------------------------------------+-----
Maces & Flails | 3 4 5 6 7 9 11 13 14 15 | 15.3
Fighting       | 4 5 6 7 9 10 12 13 | 13.5
Armour         | 6 8 9 |  9.0
Shields        | |  3.2

Action                   |  1- 3 |  4- 6 |  7- 9 | 10-12 | 13-15 || total
-------------------------+-------+-------+-------+-------+-------++-------
Melee: Flail             |   205 |   300 |   290 |       |       ||   795
       Headbutt          |       |       |    19 |   131 |     5 ||   155
       Whip              |       |       |    50 |   617 |    13 ||   680
Evoke: Wand              |       |       |       |     4 |       ||     4
  Use: Scroll            |       |       |    14 |     9 |     1 ||    24
       Potion            |       |       |     2 |     3 |     3 ||     8
 Stab: Sleeping          |       |       |       |     7 |       ||     7
  Eat: Chunk             |     2 |     9 |     7 |    13 |       ||    31
       Fruit             |       |       |     6 |     1 |       ||     7
       Meat ration       |       |       |       |     1 |       ||     1
Armor: Scale mail        |   152 |   190 |       |       |       ||   342
       Chain mail        |       |    16 |   216 |    12 |       ||   244
       Plate armour      |       |       |       |   122 |       ||   122
       Leather armour    |       |       |       |   117 |     9 ||   126
Dodge: Dodged            |    93 |   107 |    64 |    99 |     3 ||   366
Block: Shield            |   142 |   171 |   186 |   275 |     7 ||   781
